AoeStats
← 拾贰赴秋

Arabia

509574382Analyzed
4v4 RM · 4d ago on Sep 27, 2026· 34m 10s· 8 players
Game mode
Random Map
Map size
Large (8 player)
Population
200
Speed
Normal
Resources
Standard
Victory
Conquest
Starting age
Dark Age
Ending age
Imperial Age
RankedLock teamsTeams togetherTeam positionsShared explorationLock speedFull tech treeHidden civsTurbo modeCheats
Victory
Defeat
🇨🇳 Italians · China
1313
+9
🇨🇳 Ethiopians · China
1265
+10
🇨🇳 Inca · China
1196
+13
🇨🇳 Magyars · China
1018
+19
🇺🇸 Malay · United States
1184
-15
🇨🇿 Armenians · Czechia
1138
-13
🇨🇳 Hindustanis · China
1135
-13
🇨🇳 Burgundians · China
1060
-10
_JERZY_CZ_
5:04 Loom
9:57 Feudal Age
10:47 Man-at-Arms
12:28 Double-Bit Axe
12:52 Long Swordsman
16:41 Scale Mail Armor
25:05 Castle Age
23:20 Forging
23:02 Gold Mining
22:54 Horse Collar
26:29 Chain Mail Armor
25:40 Two-Handed Swordsman
26:36 Squires
28:49 Gambesons
29:55 Champion
sakuzi
7:50 Loom
12:16 Feudal Age
19:40 Castle Age
22:53 Forging
26:04 Iron Casting
27:21 Squires
李哥7758
9:38 Feudal Age
12:44 Loom
16:41 Castle Age
15:09 Double-Bit Axe
15:41 Horse Collar
16:55 Scale Barding Armor
19:54 Bloodlines
21:15 Wheelbarrow
21:52 Husbandry
22:27 Bow Saw
23:19 Heavy Plow
25:10 Forging
26:34 Gold Mining
29:34 Iron Casting
29:20 Chain Barding Armor
3442999414
11:36 Feudal Age
15:37 Castle Age
20:08 Double-Bit Axe
20:26 Gold Mining
21:09 Bow Saw
21:46 Cavalier
23:11 Horse Collar
24:26 Scale Mail Armor
25:22 Forging
25:27 Chain Mail Armor
每逢佳节瘦两斤
10:01 Feudal Age
10:53 Champi Runner
12:11 Double-Bit Axe
12:19 Gold Mining
12:19 Loom
12:52 Loom
13:39 Arson
20:30 Castle Age
18:36 Scale Mail Armor
20:38 Champi Warrior
21:57 Chain Mail Armor
23:22 Forging
23:40 Horse Collar
25:44 Iron Casting
26:26 Squires
只想搞事
6:35 Loom
9:02 Feudal Age
16:34 Double-Bit Axe
22:00 Horse Collar
25:22 Castle Age
23:48 Fletching
26:10 Thumb Ring
25:26 Crossbowman
无花果
5:01 Loom
10:24 Feudal Age
11:15 Double-Bit Axe
15:53 Horse Collar
16:29 Gold Mining
16:37 Fletching
22:44 Castle Age
22:45 Padded Archer Armor
23:35 Thumb Ring
22:50 Crossbowman
23:27 Bodkin Arrow
24:00 Bow Saw
23:59 Thumb Ring
27:39 Gold Shaft Mining
31:44 Wheelbarrow
33:17 Leather Archer Armor
34:01 Hand Cart
33:33 Town Watch
37:06 Imperial Age
拾贰赴秋
10:06 Feudal Age
13:07 Bloodlines
14:26 Wheelbarrow
14:34 Scale Barding Armor
18:31 Horse Collar
18:38 Double-Bit Axe
22:12 Castle Age
22:09 Stone Mining
23:52 Chain Barding Armor
29:58 Loom
33:38 Corvinian Army
34:01 Light Cavalry
Connection lost

Rejoining the realm…

Still unreachable

The connection could not be restored.

Session expired

The server has moved on; the page needs a fresh start.